 Dungeon Crawl Stone Soup version 0.29-a0-337-g68df138881 (webtiles) character file.

Game seed: 3605398023161851903

593 zazu2006 the Magician (level 7, 0/57 HPs)
             Began as a Naga Hedge Wizard on Apr 16, 2022.
             Killed by nerve-wracking pain
             ... invoked by Menkaure
              (14 damage)
             ... on level 4 of the Dungeon.
             The game lasted 00:12:02 (5259 turns).

zazu2006 the Magician (Naga Hedge Wizard)           Turns: 5259, Time: 00:12:02

Health: 0/57       AC:  4    Str: 13    XL:     7   Next: 39%
Magic:  1/15       EV: 10    Int: 16    God:
Gold:   132        SH:  0    Dex: 16    Spells: 7/16 levels left

rFire   . . .      SeeInvis +   q - +3 dagger
rCold   . . .      Faith    .   (no shield)
rNeg    . . .      Spirit   .   b - +0 robe
rPois   +          Reflect  .   c - +0 hat
rElec   .          Harm     .   (no cloak)
rCorr   .          Rampage  .   m - +0 pair of gloves
Will    .....                   (no barding)
Stlth   +++.......              (no amulet)
HPRegen 0.19/turn               d - +6 ring of dexterity
MPRegen 0.14/turn               (no ring)

@: very slow
A: AC +2, large, see invisible, deformed body, poison resistance, slowness 2,
spit poison 1, naga tail 1
a: Spit Poison


You were on level 4 of the Dungeon.
You visited 1 branch of the dungeon, and saw 4 of its levels.
You also visited: Sewer.

You collected 132 gold pieces.

Inventory:

Hand Weapons
 q - a +3 dagger (weapon)
Armour
 b - a +0 robe (worn)
 c - a +0 hat (worn)
 k - a +0 leather armour
 m - a +0 pair of gloves (worn)
Jewellery
 d - a +6 ring of dexterity (left hand)
Scrolls
 a - a scroll of immolation {unknown}
 e - a scroll of blinking
 g - a scroll of torment {unknown}
 h - 5 scrolls of teleportation
 i - a scroll of identify {unknown}
 j - a scroll of silence
 l - 2 scrolls of fear {unknown}


   Skills:
 + Level 1.2 Fighting
 + Level 2.2 Dodging
 + Level 4.4 Stealth
 + Level 5.4 Spellcasting
 + Level 3.4 Conjurations
 + Level 1.0 Summonings
 + Level 1.1 Translocations
 * Level 3.9 Poison Magic


You had 7 spell levels left.
You knew the following spells:

 Your Spells              Type           Power      Damage    Failure   Level
a - Magic Dart            Conj           60%        1d6       3%          1
b - Mephitic Cloud        Conj/Pois/Air  12%        N/A       16%         3
c - Conjure Flame         Conj/Fire      9%         6-21      22%         3
d - Blink                 Tloc           16%        N/A       14%         2

Your spell library contained the following spells:

 Spells                   Type           Power      Damage    Failure   Level
 Slow                     Hex            16%        N/A       14%         1
 Call Imp                 Summ           7%         N/A       14%         2
 Ensorcelled Hibernation  Hex/Ice        8%         N/A       22%         2
 Passwall                 Tmut/Erth      3%         N/A       22%         2
 Swiftness                Air            4%         N/A       41%         3


Dungeon Overview and Level Annotations

Branches:
Dungeon (4/15)              Sewer (visited)
 Temple: D:4-7

Altars:
Makhleb
Ru

Annotations:
D:3 2 transporters, jlumianski's ghost, amateur DsFi
D:4 Menkaure


Innate Abilities, Weirdness & Mutations

Your serpentine skin is tough. (AC +2)
You have supernaturally acute eyesight. (SInv)
Armour fits poorly on your strangely shaped body.
Your system is resistant to poisons. (rPois)
You cover ground very slowly.
You can spit poison.
You have a snake-like lower body.


Message History

The magic dart hits Menkaure.
Menkaure is severely damaged.
Menkaure calls on the powers of darkness!
Your body is wracked with pain!
Casting: Magic Dart (safe; 3% risk of failure)
Confirm with . or Enter, or press ? or * to list all spells.
Aiming: Magic Dart (safe; 3% risk of failure)
Press: ? - help, Shift-Dir - straight line, f/p - Menkaure
Aim: Menkaure (severely damaged, fast, 100% to hit)
The magic dart hits Menkaure but does no damage.
Menkaure is severely damaged.
Casting: Magic Dart (safe; 3% risk of failure)
Confirm with . or Enter, or press ? or * to list all spells.
Aiming: Magic Dart (safe; 3% risk of failure)
Press: ? - help, Shift-Dir - straight line, f/p - Menkaure
Aim: Menkaure (severely damaged, fast, 100% to hit)
The magic dart hits Menkaure but does no damage.
Menkaure is severely damaged.
The kobold barely misses you.
Unknown command.
Casting: Magic Dart (safe; 3% risk of failure)
Confirm with . or Enter, or press ? or * to list all spells.
Aiming: Magic Dart (safe; 3% risk of failure)
Press: ? - help, Shift-Dir - straight line, f/p - Menkaure
Aim: Menkaure (severely damaged, fast, 100% to hit)
The magic dart hits Menkaure but does no damage.
Menkaure is severely damaged.
Menkaure casts a spell at you. Pain shoots through your body!
* * * LOW HITPOINT WARNING * * *
The kobold hits you but does no damage.
Unknown command.
You aren't carrying any potions.
You aren't carrying any items that you can evoke.
You feel agile.
d - a +6 ring of dexterity (left hand)
You completely miss the kobold. The kobold hits you but does no damage.
Menkaure gestures at you while chanting.
Pain shoots through your body!
You die...

#... ... #...
#.......# #...#
#.......#
#....###.......#
###.....##.......#
.....≈≈.≈≈M......#
..[.≈≈≈.≈≈≈.>.:..#
....≈≈K@⌠≈≈......##
..................#
....≈≈⌠.⌠≈≈.......#
....≈≈≈.≈≈≈....(..#
.....≈≈.≈≈........#
(#######.#.#+######
#.#.# #.#.#.#
#.#.#S#


You could see Menkaure (fast) and a kobold.

Vanquished Creatures
  Grinder (D:3)
  A black bear (D:4)
  A necrophage (D:4)
  A hound (D:3)
  An iguana (D:4)
  6 adders
  6 river rats (Sewer)
  A worm (D:3)
  A dart slug (D:3)
  4 orcs
  6 ball pythons
  5 endoplasms
  3 giant cockroaches
  A goblin (D:1)
  3 hobgoblins
  8 jackals
  3 quokkas
  3 bats
  7 frilled lizards
  11 kobolds
  9 rats
82 creatures vanquished.

Vanquished Creatures (others)
  17 plants (Sewer)
17 creatures vanquished.

Grand Total: 99 creatures vanquished

Notes
Turn   | Place    | Note
-------+----------+-------------------------------------------
     0 | D:1      | zazu2006 the Naga Hedge Wizard began the quest for the Orb.
     0 | D:1      | Reached XP level 1. HP: 15/15 MP: 4/4
   820 | D:1      | Reached XP level 2. HP: 21/22 MP: 3/6
  1478 | D:2      | Reached XP level 3. HP: 24/28 MP: 0/8
  1482 | D:2      | Learned a level 3 spell: Mephitic Cloud
  1486 | D:2      | Learned a level 3 spell: Conjure Flame
  1489 | D:2      | Learned a level 2 spell: Blink
  1561 | D:2      | Found a burning altar of Makhleb.
  1912 | D:3      | Found a faded altar of an unknown god.
  1912 | D:3      | Noticed Grinder
  1921 | D:3      | Reached skill level 4 in Spellcasting
  1960 | D:3      | Paralysed by Grinder for 2 turns
  1961 | D:3      | Reached XP level 4. HP: 36/36 MP: 5/10
  1996 | D:3      | Found a glowing drain.
  1999 | D:3      | Reached skill level 1 in Poison Magic
  2125 | Sewer    | Entered a sewer
  2466 | Sewer    | Reached XP level 5. HP: 31/42 MP: 1/11
  4302 | D:3      | Found a sacrificial altar of Ru.
  4440 | D:3      | Paralysed by Grinder for 3 turns
  4451 | D:3      | Paralysed by Grinder for 7 turns
  4480 | D:3      | Killed Grinder
  4481 | D:3      | Reached skill level 1 in Fighting
  4481 | D:3      | Reached skill level 5 in Spellcasting
  4481 | D:3      | Reached XP level 6. HP: 47/51 MP: 1/13
  4700 | D:3      | Noticed jlumianski's ghost (amateur DsFi)
  4701 | D:3      | Found a transporter.
  4704 | D:3      | Identified the +10 great mace of Ilaid {spect, Int+4}
  4708 | D:3      | Found a transporter.
  4860 | D:4      | Noticed a black bear
  4879 | D:4      | Killed a black bear
  4880 | D:4      | Reached XP level 7. HP: 41/57 MP: 5/15
  5235 | D:4      | Found Pitaid's Self-Improvement Boutique.
  5242 | D:4      | Noticed Menkaure
  5259 | D:4      | Killed from afar by Menkaure

Illustrated notes

Levels and vault maps discovered:
D:1:      lemuel_arrival_lava_pool, layout_basic
D:2:      layout_rooms, basic_altar
D:3:      layout_basic, mainiacjoe_overflow_cross_hatched,
          cheibrodos_sewer_entry_drain, shapermc_ecumenical_altar_starsandcircs,
          gammafunk_ghost_smash, uniq_grinder
D:4:      minmay_evil_eye, layout_basic, nicolae_shop_self_help, uniq_sigmund,
          uniq_menkaure, uniq_eustachio

Skill      XL: |  1  2  3  4  5  6  7 |
---------------+----------------------+-----
Spellcasting   | 4 5 |  5.4
Poison Magic   | 1 3 |  3.9
Conjurations   | 2 3 |  3.4
Dodging        | 2 |  2.2
Fighting       | 1 |  1.2
Stealth        | 4 |  4.4
Summonings     | |  1.0
Translocations | |  1.1

Action                   |  1- 3 |  4- 6 |  7- 9 || total
-------------------------+-------+-------+-------++-------
Melee: Dagger            |     1 |    57 |     5 ||    63
 Cast: Magic Dart        |    59 |   151 |    38 ||   248
       Mephitic Cloud    |     1 |     2 |     2 ||     5
       Blink             |       |     1 |       ||     1
       Conjure Flame     |       |       |     1 ||     1
 Abil: Spit Poison       |    12 |    28 |     2 ||    42
  Use: Scroll            |     1 |     2 |       ||     3
       Potion            |       |     7 |       ||     7
 Stab: Sleeping          |       |     1 |       ||     1
       Confused          |       |     1 |       ||     1
Armor: Robe              |     2 |    29 |     4 ||    35
       Skin              |       |     4 |       ||     4
Dodge: Dodged            |     6 |    59 |     5 ||    70

Table legend: (Time is in decaauts)
 A = Elapsed time spent in this place.
 B = Non-inter-level travel time spent in this place.
 C = Inter-level travel time spent in this place.
 D = Time resting spent in this place.
 E = Time spent auto-exploring this place.
 F = Levels seen in this place.
 G = Mean time per level.
                   A        B        C        D        E       F      G
               +--------+--------+--------+--------+--------+-----+--------+
         Total |   6512 |   6350 |    162 |    407 |   4780 |   5 | 1302.4 |
       Dungeon |   4030 |   3868 |    162 |     65 |   3205 |   4 | 1007.5 |
         Sewer |   2481 |   2481 |      0 |    342 |   1575 |   1 | 2481.0 |
               +--------+--------+--------+--------+--------+-----+--------+

Top non-repeatable levels by time:
   Sewer: 2481 daAuts
     D:1: 1506 daAuts
     D:3: 1217 daAuts
     D:2: 888 daAuts
     D:4: 418 daAuts
